| TOP OF THE 1ST |
|
Washington (APP) Nationals batting - Pitching for San Diego (APP) Padres : RHP Rogelio Nunez
|
|
Pitching: RHP Rogelio Nunez
|
|
|
Batting: RHB Jim Miske
|
0-0: Ball 1-0: Ball 2-0: Ground out 5-3 (Groundball, 56, EV 100.6 MPH)
|
|
Batting: RHB Steve Bauman
|
0-0: Ball 1-0: Called Strike 1-1: Fly out, F4 (Popup, 34S, EV 83.8 MPH)
|
|
Batting: RHB Jon Buscher
|
0-0: Ball 1-0: Ball 2-0: Ground out 6-3 (Groundball, 6, EV 80.0 MPH)
|
| Top of the 1st over - 0 runs, 0 hits, 0 errors, 0 left on base; Washington (APP) 0 - San Diego (APP) 0 |
| BOTTOM OF THE 1ST |
|
San Diego (APP) Padres batting - Pitching for Washington (APP) Nationals : LHP Sean Carr
|
|
Pitching: LHP Sean Carr
|
|
|
Batting: SHB Yutaro Takahashi
|
0-0: Ball 1-0: Foul Ball, location: 2F 1-1: Swinging Strike 1-2: Ball 2-2: Ground out 6-3 (Groundball, 6, EV 86.9 MPH)
|
|
Batting: RHB Max Stillo
|
0-0: Called Strike 0-1: Fly out, F8 (Flyball, 8LM, EV 86.9 MPH)
|
|
Batting: RHB Antonio Lara
|
0-0: Called Strike 0-1: Swinging Strike 0-2: Ball 1-2: Strikes out swinging
|
| Bottom of the 1st over - 0 runs, 0 hits, 0 errors, 0 left on base; Washington (APP) 0 - San Diego (APP) 0 |
| TOP OF THE 2ND |
|
Washington (APP) Nationals batting - Pitching for San Diego (APP) Padres : RHP Rogelio Nunez
|
|
Batting: RHB Nick Moreno
|
0-0: Ball 1-0: Called Strike 1-1: Ball 2-1: Foul Ball, location: 2F 2-2: Strikes out looking
|
|
Batting: RHB Gregg Huddleston
|
0-0: Called Strike 0-1: Ball 1-1: Called Strike 1-2: SOLO HOME RUN (Line Drive, 7D, EV 95.0 MPH), Distance : 380 ft
|
|
Batting: RHB Naofumi Ishida
|
0-0: Fly out, F8 (Flyball, 8RD, EV 101.3 MPH)
|
|
Batting: RHB Gabe Almazan
|
0-0: Ball 1-0: Foul Ball, location: 2F 1-1: Ball 2-1: Swinging Strike 2-2: Ball 3-2: Base on Balls
|
|
Batting: RHB Alex Blanco
|
0-0: SINGLE (Groundball, 56, EV 104.4 MPH) Gabe Almazan to second
|
|
Batting: RHB Brian Walker
|
0-0: Called Strike 0-1: Ball 1-1: Ball 2-1: Ball 3-1: Called Strike 3-2: Strikes out swinging
|
| Top of the 2nd over - 1 run, 2 hits, 0 errors, 2 left on base; Washington (APP) 1 - San Diego (APP) 0 |
| BOTTOM OF THE 2ND |
|
San Diego (APP) Padres batting - Pitching for Washington (APP) Nationals : LHP Sean Carr
|
|
Batting: RHB Freddie Brown
|
0-0: Called Strike 0-1: SOLO HOME RUN (Flyball, 7D, EV 93.8 MPH), Distance : 373 ft
|
|
Batting: LHB Carlos Cuellar
|
0-0: Foul Ball, location: 2F 0-1: Ball 1-1: Ball 2-1: Ball 3-1: Base on Balls
|
|
Pitching: RHP Chris Lawrence
|
|
|
Batting: RHB Aaron Joseph
|
0-0: Called Strike 0-1: Grounds into double play, 5-4-3 (Groundball, 56, EV 86.3 MPH)
|
|
Batting: RHB Tom Tate
|
0-0: Ball 1-0: Foul Ball, location: 2F 1-1: Ball 2-1: SINGLE (Groundball, 4MD, EV 105.0 MPH)
|
|
Batting: LHB Hugo MacBeth
|
0-0: Ball 1-0: Ball 2-0: Foul Ball, location: 2F 2-1: Called Strike 2-2: Strikes out swinging
|
| Bottom of the 2nd over - 1 run, 2 hits, 0 errors, 1 left on base; Washington (APP) 1 - San Diego (APP) 1 |
| TOP OF THE 3RD |
|
Washington (APP) Nationals batting - Pitching for San Diego (APP) Padres : RHP Rogelio Nunez
|
|
Batting: RHB Jim Miske
|
0-0: SINGLE (Flyball, 5D, EV 101.9 MPH)
|
|
Batting: RHB Steve Bauman
|
0-0: Hit by Pitch Jim Miske to second
|
|
Batting: RHB Jon Buscher
|
0-0: Ball 1-0: Ball 2-0: Foul Ball, location: 2F 2-1: Called Strike 2-2: Strikes out swinging
|
|
Batting: RHB Nick Moreno
|
0-0: Swinging Strike 0-1: Called Strike 0-2: Ball 1-2: Ball 2-2: Strikes out swinging
|
|
Batting: RHB Gregg Huddleston
|
0-0: Called Strike 0-1: Ball 1-1: Ball 2-1: Ball 3-1: Base on Balls Jim Miske to third Steve Bauman to second
|
|
Batting: RHB Naofumi Ishida
|
0-0: Fly out, F8 (Flyball, 8RS, EV 88.1 MPH)
|
| Top of the 3rd over - 0 runs, 1 hit, 0 errors, 3 left on base; Washington (APP) 1 - San Diego (APP) 1 |
| BOTTOM OF THE 3RD |
|
San Diego (APP) Padres batting - Pitching for Washington (APP) Nationals : RHP Chris Lawrence
|
|
Batting: RHB Tyler West
|
0-0: Ball 1-0: Ground out U3 (Groundball, 3, EV 85.0 MPH)
|
|
Batting: SHB Yutaro Takahashi
|
0-0: Called Strike 0-1: Swinging Strike 0-2: Ball 1-2: Foul Ball, location: 2F 1-2: Ball 2-2: Ball 3-2: SINGLE (Popup, 6D, EV 48.8 MPH)
|
|
Batting: RHB Max Stillo
|
0-0: Ball Yutaro Takahashi steals 2nd base 1-0: Ball Yutaro Takahashi steals 3rd base 2-0: Ball 3-0: Called Strike 3-1: Base on Balls
|
|
Batting: RHB Antonio Lara
|
0-0: Ball 1-0: Swinging Strike 1-1: Called Strike Max Stillo steals 2nd base 1-2: Ball 2-2: Strikes out swinging
|
|
Pitching: RHP Chris Bonham
|
|
|
Batting: RHB Freddie Brown
|
0-0: Foul Ball, location: 2F 0-1: Foul Ball, location: 2F 0-2: Ball 1-2: Foul Ball, location: 2F 1-2: 3-RUN HOME RUN (Flyball, 7LD, EV 95.0 MPH), Distance : 338 ft
|
|
Batting: LHB Carlos Cuellar
|
0-0: Fly out, F3 (Line Drive, 4, EV 65.6 MPH)
|
| Bottom of the 3rd over - 3 runs, 2 hits, 0 errors, 0 left on base; Washington (APP) 1 - San Diego (APP) 4 |
| TOP OF THE 4TH |
|
Washington (APP) Nationals batting - Pitching for San Diego (APP) Padres : RHP Rogelio Nunez
|
|
Batting: RHB Gabe Almazan
|
0-0: Ball 1-0: Ball 2-0: Foul Ball, location: 2F 2-1: Fly out, F7 (Flyball, 7, EV 86.3 MPH)
|
|
Batting: RHB Alex Blanco
|
0-0: Ball 1-0: Ball 2-0: Called Strike 2-1: Called Strike 2-2: Foul Ball, location: 2F 2-2: Strikes out looking
|
|
Batting: RHB Brian Walker
|
0-0: Ball 1-0: Foul Ball, location: 2F 1-1: Called Strike 1-2: Ball 2-2: Foul Ball, location: 2F 2-2: Ball 3-2: SINGLE (Groundball, 4MD, EV 94.4 MPH)
|
|
Batting: RHB Jim Miske
|
0-0: Ball 1-0: Foul Ball, location: 2F 1-1: SINGLE (Line Drive, 8RM, EV 106.3 MPH) Brian Walker to second
|
|
Batting: RHB Steve Bauman
|
0-0: Ball 1-0: Ball 2-0: Called Strike 2-1: Ground out 4-3 (Groundball, 4, EV 88.1 MPH)
|
| Top of the 4th over - 0 runs, 2 hits, 0 errors, 2 left on base; Washington (APP) 1 - San Diego (APP) 4 |
| BOTTOM OF THE 4TH |
|
San Diego (APP) Padres batting - Pitching for Washington (APP) Nationals : RHP Chris Bonham
|
|
Batting: RHB Aaron Joseph
|
0-0: Foul Ball, location: 2F 0-1: Ball 1-1: DOUBLE (Line Drive, 9LM, EV 89.4 MPH)
|
|
Batting: RHB Tom Tate
|
0-0: Ball 1-0: Called Strike 1-1: Foul Ball, location: 2F 1-2: Foul Ball, location: 2F 1-2: Foul Ball, location: 2F 1-2: 2-RUN HOME RUN (Flyball, 89XD, EV 99.4 MPH), Distance : 418 ft
|
|
Pitching: LHP Mike Montgomery
|
|
|
Batting: LHB Hugo MacBeth
|
0-0: Ball 1-0: Ball 2-0: Ball 3-0: Called Strike 3-1: Base on Balls
|
|
Batting: RHB Tyler West
|
0-0: Fielders Choice at 2nd, 5-4 (Groundball, 56, EV 82.5 MPH)
|
|
Batting: SHB Yutaro Takahashi
|
0-0: Called Strike 0-1: Called Strike 0-2: Ball 1-2: Ball 2-2: Ball 3-2: Base on Balls Tyler West to second
|
|
Batting: RHB Max Stillo
|
0-0: Called Strike 0-1: Fielders Choice at 2nd, 6-4 (Groundball, 6, EV 90.0 MPH) Tyler West to third
|
|
Batting: RHB Antonio Lara
|
0-0: Called Strike 0-1: Ground out 3-1 (Groundball, 34S, EV 86.3 MPH)
|
| Bottom of the 4th over - 2 runs, 2 hits, 0 errors, 2 left on base; Washington (APP) 1 - San Diego (APP) 6 |
| TOP OF THE 5TH |
|
Washington (APP) Nationals batting - Pitching for San Diego (APP) Padres : RHP Rogelio Nunez
|
|
Batting: RHB Jon Buscher
|
0-0: SINGLE (Groundball, 6MD, EV 98.1 MPH)
|
|
Pitching: LHP Kenny Cohn
|
|
|
Batting: RHB Nick Moreno
|
0-0: Ball 1-0: Ball 2-0: Called Strike 2-1: Fielders Choice at 2nd, 6-4 (Groundball, 6M, EV 109.4 MPH)
|
|
Batting: RHB Gregg Huddleston
|
0-0: Ball Nick Moreno steals 2nd base 1-0: Ball 2-0: Ball 3-0: Called Strike 3-1: Base on Balls
|
|
Batting: RHB Naofumi Ishida
|
0-0: Hit by Pitch Nick Moreno to third Gregg Huddleston to second
|
|
Batting: RHB Gabe Almazan
|
0-0: Ball 1-0: Called Strike 1-1: Called Strike 1-2: Foul Ball, location: 2F 1-2: Fly out, F9 (Flyball, 9D, EV 88.1 MPH) Runner from 3rd tags up, SCORES, no throw by RF Gregg Huddleston to third
|
|
Batting: RHB Alex Blanco
|
0-0: Called Strike 0-1: Swinging Strike 0-2: Ball 1-2: Ball 2-2: Foul Ball, location: 2F 2-2: Ball 3-2: Base on Balls Naofumi Ishida to second
|
|
Batting: RHB Brian Walker
|
0-0: DOUBLE (Groundball, 5L, EV 100.0 MPH) Gregg Huddleston scores Naofumi Ishida scores Alex Blanco to third
|
|
Batting: RHB Jim Miske
|
0-0: Called Strike 0-1: Ball 1-1: Fly out, F8 (Flyball, 8LS, EV 95.6 MPH)
|
| Top of the 5th over - 3 runs, 2 hits, 0 errors, 2 left on base; Washington (APP) 4 - San Diego (APP) 6 |
| BOTTOM OF THE 5TH |
|
San Diego (APP) Padres batting - Pitching for Washington (APP) Nationals : LHP Mike Montgomery
|
|
Batting: RHB Freddie Brown
|
0-0: Ball 1-0: Ball 2-0: Foul Ball, location: 2F 2-1: Ball 3-1: Base on Balls
|
|
Batting: LHB Carlos Cuellar
|
0-0: Foul Ball, location: 2F 0-1: Called Strike 0-2: Foul Ball, location: 2F 0-2: Fielders Choice at 2nd, 6-4 (Groundball, 6, EV 77.5 MPH)
|
|
Batting: RHB Aaron Joseph
|
0-0: Fielders Choice at 2nd, 5-4 (Groundball, 56S, EV 82.5 MPH)
|
|
Batting: RHB Tom Tate
|
0-0: Ball Wild Pitch! Aaron Joseph to second 1-0: Intentional Walk
|
|
Pitching: RHP Brent Wainwright
|
|
|
Batting: LHB Hugo MacBeth
|
0-0: DOUBLE (Line Drive, 78M, EV 91.9 MPH) Aaron Joseph scores Tom Tate to third Runner from 3rd tries for Home, SAFE, no throw by LF
|
|
Batting: RHB Tyler West
|
0-0: Ball 1-0: Ball 2-0: 2-RUN HOME RUN (Flyball, 78XD, EV 109.4 MPH), Distance : 427 ft
|
|
Batting: SHB Yutaro Takahashi
|
0-0: Fly out, F7 (Flyball, 78S, EV 91.9 MPH)
|
| Bottom of the 5th over - 4 runs, 2 hits, 0 errors, 0 left on base; Washington (APP) 4 - San Diego (APP) 10 |
| TOP OF THE 6TH |
|
Washington (APP) Nationals batting - Pitching for San Diego (APP) Padres : LHP Kenny Cohn
|
|
Batting: RHB Steve Bauman
|
0-0: Called Strike 0-1: Ball 1-1: Ball 2-1: Called Strike 2-2: Strikes out swinging
|
|
Batting: RHB Jon Buscher
|
0-0: Called Strike 0-1: Ball 1-1: Ball 2-1: Called Strike 2-2: Foul Ball, location: 2F 2-2: Strikes out swinging
|
|
Batting: RHB Nick Moreno
|
0-0: Swinging Strike 0-1: Ball 1-1: Foul Ball, location: 2F 1-2: Foul Ball, location: 2F 1-2: Ball 2-2: Ball 3-2: Strikes out swinging
|
| Top of the 6th over - 0 runs, 0 hits, 0 errors, 0 left on base; Washington (APP) 4 - San Diego (APP) 10 |
| BOTTOM OF THE 6TH |
|
San Diego (APP) Padres batting - Pitching for Washington (APP) Nationals : RHP Brent Wainwright
|
|
Batting: RHB Max Stillo
|
0-0: Ball 1-0: Foul Ball, location: 2F 1-1: SINGLE (Groundball, 6MD, EV 98.1 MPH)
|
|
Batting: RHB Antonio Lara
|
0-0: Ball Max Stillo steals 2nd base 1-0: Foul Ball, location: 2F 1-1: Swinging Strike 1-2: Foul Ball, location: 2F 1-2: Strikes out swinging
|
|
Batting: RHB Freddie Brown
|
0-0: Foul Ball, location: 2F 0-1: Swinging Strike 0-2: Ball 1-2: Ball 2-2: 2-RUN HOME RUN (Flyball, 89XD, EV 107.5 MPH), Distance : 414 ft
|
|
Batting: LHB Carlos Cuellar
|
0-0: Ground out U3 (Groundball, 3, EV 87.5 MPH)
|
|
Batting: RHB Aaron Joseph
|
0-0: Ground out 4-3 (Groundball, 34, EV 86.9 MPH)
|
| Bottom of the 6th over - 2 runs, 2 hits, 0 errors, 0 left on base; Washington (APP) 4 - San Diego (APP) 12 |
| TOP OF THE 7TH |
|
Washington (APP) Nationals batting - Pitching for San Diego (APP) Padres : LHP Kenny Cohn
|
|
Batting: RHB Gregg Huddleston
|
0-0: Foul Ball, location: 2F 0-1: Swinging Strike 0-2: Strikes out swinging
|
|
Pitching: RHP Scott Gillis
|
|
|
Batting: RHB Naofumi Ishida
|
0-0: Called Strike 0-1: Ball 1-1: Swinging Strike 1-2: Ball 2-2: Foul Ball, location: 2F 2-2: Foul Ball, location: 2F 2-2: Strikes out swinging
|
|
Batting: RHB Gabe Almazan
|
0-0: Called Strike 0-1: Ball 1-1: Foul Ball, location: 2F 1-2: Ball 2-2: Foul Ball, location: 2F 2-2: Foul Ball, location: 2F 2-2: Ball 3-2: Strikes out looking
|
| Top of the 7th over - 0 runs, 0 hits, 0 errors, 0 left on base; Washington (APP) 4 - San Diego (APP) 12 |
| BOTTOM OF THE 7TH |
|
San Diego (APP) Padres batting - Pitching for Washington (APP) Nationals : RHP Brent Wainwright
|
|
Pitching: RHP Ivano Galikov
|
|
|
Batting: RHB Tom Tate
|
0-0: Ball 1-0: Ball 2-0: Ball 3-0: Swinging Strike 3-1: Base on Balls
|
|
Batting: LHB Hugo MacBeth
|
0-0: Swinging Strike 0-1: Grounds into double play, 6-4-3 (Groundball, 6, EV 95.6 MPH)
|
|
Batting: RHB Tyler West
|
0-0: Ball 1-0: Ball 2-0: Called Strike 2-1: Swinging Strike 2-2: Ground out 5-3 (Groundball, 56, EV 86.9 MPH)
|
| Bottom of the 7th over - 0 runs, 0 hits, 0 errors, 0 left on base; Washington (APP) 4 - San Diego (APP) 12 |
| TOP OF THE 8TH |
|
Washington (APP) Nationals batting - Pitching for San Diego (APP) Padres : RHP Scott Gillis
|
|
Batting: RHB Alex Blanco
|
0-0: Called Strike 0-1: Ground out 2-3 (Groundball, 2R, EV 70.0 MPH)
|
|
Batting: RHB Brian Walker
|
0-0: Foul Ball, location: 2F 0-1: Called Strike 0-2: Ball 1-2: Ground out 5-3 (Groundball, 56, EV 85.6 MPH)
|
|
Batting: RHB Jim Miske
|
0-0: Foul Ball, location: 2F 0-1: Ball 1-1: Ball 2-1: Ball 3-1: Base on Balls
|
|
Batting: RHB Steve Bauman
|
0-0: Ball 1-0: Called Strike 1-1: Ball 2-1: SINGLE (Groundball, 56, EV 109.4 MPH) Jim Miske to second
|
|
Batting: RHB Jon Buscher
|
0-0: Ball 1-0: Ball 2-0: Called Strike 2-1: Ball 3-1: SINGLE (Groundball, 6MD, EV 100.6 MPH) Jim Miske to third Steve Bauman to second Runner from 3rd tries for Home, SAFE, throw by CF to home
|
|
Batting: RHB Nick Moreno
|
0-0: Ball 1-0: Foul Ball, location: 2F 1-1: Swinging Strike 1-2: Ball 2-2: Foul Ball, location: 2F 2-2: Foul Ball, location: 2F 2-2: Foul Ball, location: 2F 2-2: Strikes out swinging
|
| Top of the 8th over - 1 run, 2 hits, 0 errors, 2 left on base; Washington (APP) 5 - San Diego (APP) 12 |
| BOTTOM OF THE 8TH |
|
San Diego (APP) Padres batting - Pitching for Washington (APP) Nationals : RHP Ivano Galikov
|
|
Batting: SHB Yutaro Takahashi
|
0-0: Ball 1-0: SINGLE (Groundball, 34D, EV 107.5 MPH) (infield hit)
|
|
Batting: RHB Max Stillo
|
0-0: Called Strike 0-1: Ball 1-1: Called Strike 1-2: Fly out, F2 (Popup, 25F, EV 86.3 MPH)
|
|
Batting: RHB Antonio Lara
|
0-0: Ball 1-0: Called Strike 1-1: Ball 2-1: Ball 3-1: SINGLE (Groundball, 56, EV 96.9 MPH) Yutaro Takahashi to second
|
|
Pitching: RHP Brian Walker
|
|
|
Batting: RHB Freddie Brown
|
0-0: Called Strike 0-1: Ball 1-1: Ball 2-1: Ball 3-1: Foul Ball, location: 2F 3-2: Base on Balls Yutaro Takahashi to third Antonio Lara to second
|
|
Batting: LHB Carlos Cuellar
|
0-0: Called Strike 0-1: Ball 1-1: Swinging Strike 1-2: Foul Ball, location: 2F 1-2: GRAND SLAM HOME RUN (Flyball, 78XD, EV 103.8 MPH), Distance : 420 ft
|
|
Batting: RHB Aaron Joseph
|
0-0: Ball 1-0: Swinging Strike 1-1: Foul Ball, location: 2F 1-2: Ball 2-2: Strikes out looking
|
|
Batting: RHB Tom Tate
|
0-0: Ball 1-0: Called Strike 1-1: Ball 2-1: SOLO HOME RUN (Flyball, 89XD, EV 110.0 MPH), Distance : 429 ft
|
|
Pitching: LHP Jesus Malave
|
|
|
Batting: LHB Hugo MacBeth
|
0-0: Ball 1-0: Foul Ball, location: 2F 1-1: Ball 2-1: Foul Ball, location: 2F 2-2: Ball 3-2: Base on Balls
|
|
Batting: RHB Tyler West
|
0-0: SINGLE (Groundball, 25, EV 67.5 MPH) (infield hit) Hugo MacBeth to second
|
|
Batting: SHB Yutaro Takahashi
|
0-0: Ball 1-0: Ball 2-0: Ball 3-0: Called Strike 3-1: Called Strike 3-2: Fly out, F9 (Flyball, 9D, EV 81.9 MPH)
|
| Bottom of the 8th over - 5 runs, 5 hits, 0 errors, 2 left on base; Washington (APP) 5 - San Diego (APP) 17 |
| TOP OF THE 9TH |
|
Washington (APP) Nationals batting - Pitching for San Diego (APP) Padres : RHP Scott Gillis
|
|
Pitching: RHP Eric Busby
|
|
|
Batting: RHB Gregg Huddleston
|
0-0: Ball 1-0: Called Strike 1-1: SOLO HOME RUN (Flyball, 78XD, EV 116.3 MPH), Distance : 455 ft
|
|
Batting: RHB Naofumi Ishida
|
0-0: Fly out, F7 (Flyball, 78S, EV 90.0 MPH)
|
|
Batting: RHB Gabe Almazan
|
0-0: Swinging Strike 0-1: Called Strike 0-2: Ball 1-2: Ball 2-2: Foul Ball, location: 2F 2-2: Ball 3-2: Strikes out swinging
|
|
Batting: RHB Alex Blanco
|
0-0: Ball 1-0: Ball 2-0: Ground out 5-3 (Groundball, 5L, EV 108.1 MPH)
|
| Top of the 9th over - 1 run, 1 hit, 0 errors, 0 left on base; Washington (APP) 6 - San Diego (APP) 17 |
|